 Dungeon Crawl Stone Soup version 0.28.0-53-g5a82cb258f (webtiles) character file.

Game seed: 15923112286654000679

91 concernfroge the Skirmisher (level 4, 0/61 HPs)
             Began as a Minotaur Berserker on June 17, 2022.
             Was a Believer of Trog.
             Slain by Grinder (3 damage)
             ... on level 3 of the Dungeon.
             The game lasted 00:02:56 (1685 turns).

concernfroge the Skirmisher (Minotaur Berserker)    Turns: 1685, Time: 00:02:58

Health: 0/61       AC:  2    Str: 24    XL:     4   Next: 33%
Magic:  3/3        EV: 12    Int:  4    God:    Trog [**....]
Gold:   127        SH:  0    Dex:  9    Spells: 3/3 levels left

rFire   . . .      SeeInvis .   a - +0 spear
rCold   . . .      Faith    .   (no shield)
rNeg    . . .      Spirit   .   b - +0 animal skin
rPois   +          Reflect  .   (helmet restricted)
rElec   .          Harm     .   (no cloak)
rCorr   .          Rampage  .   (no gloves)
Will    ++...                   (no boots)
Stlth   ..........              (no amulet)
HPRegen 1.20/turn               c - ring of poison resistance
MPRegen 0.08/turn               (no ring)

@: berserking (expiring), strong-willed (expiring), regenerating (expiring),
very quick
A: horns 2, retaliatory headbutt
a: Renounce Religion, Berserk, Trog's Hand


You were on level 3 of the Dungeon.
You worshipped Trog.
Trog was pleased with you.
You visited 1 branch of the dungeon, and saw 3 of its levels.

You collected 127 gold pieces.

Inventory:

Hand Weapons
 a - a +0 spear (weapon)
Armour
 b - a +0 animal skin (worn)
Jewellery
 c - a ring of poison resistance (left hand)
Scrolls
 d - a scroll of acquirement {unknown}
 e - a scroll of amnesia {unknown}
Potions
 f - a potion of heal wounds {unknown}


   Skills:
 + Level 4.5 Fighting
 + Level 4.4 Polearms
 + Level 3.4 Armour
 + Level 3.1 Dodging


You had 3 spell levels left.
You didn't know any spells.
Your spell library was empty.

Dungeon Overview and Level Annotations

Branches:
Dungeon (3/15)

Altars:

Annotations:
D:3 Grinder, Ijyb


Innate Abilities, Weirdness & Mutations

You have a pair of horns on your head.
You reflexively headbutt those who attack you in melee.


Message History

Ijyb barely misses you.
You hit Grinder.
Grinder is lightly wounded.
You puncture Grinder!
Grinder is heavily wounded.
Grinder barely misses you. You furiously retaliate!
You headbutt Grinder! The rat misses you. You furiously retaliate!
You headbutt the rat!
You kill the rat!
Trog accepts your kill. Ijyb hits you with a +0 club.
* * * LOW HITPOINT WARNING * * *
You barely miss Grinder.
Grinder is severely wounded.
An endoplasm comes into view.
Grinder hits you.
* * * LOW HITPOINT WARNING * * *
You writhe in agony.
* * * LOW HITPOINT WARNING * * *
Ijyb screams, "Me stronger than you!" Ijyb hits you with a +0 club.
* * * LOW HITPOINT WARNING * * *
You closely miss Grinder.
Grinder is severely wounded.
You barely miss Grinder.
Grinder is severely wounded.
Grinder gestures at you. You resist with almost no effort.
Ijyb hits you with a +0 club.
* * * LOW HITPOINT WARNING * * *
You are too berserk!
You barely miss Grinder.
Grinder is severely wounded.
You feel the effects of Trog's Hand fading.
A rat comes into view.
An endoplasm comes into view.
You barely miss Grinder.
The endoplasm quivers.
You headbutt Grinder!
Grinder is almost dead.
Grinder says, "Wait up."
Grinder hits you.
You die...

....#........#. #..J...
....#........#. #......
...)#.......##. #......
...........##. .......
#............ .......
#.[........#. ..J....
##..........##
......5####........[#...
.#..g@.#..##...#..#...
......†....##.#.###.....
r.##......##.#.##.##....
........##.#.##.#.##...
###.#####.#.##.#†#.####
#. ##.#.##.#.#.#.## #
##.#.##.#.###.#.##
##.#.##.#.##.##.#.#
##.#.##.#.##÷#.##.#.


You could see Grinder, Ijyb, 2 endoplasms and a rat.

Vanquished Creatures
  A centaur skeleton (D:3)
  An adder (D:3)
  2 worms (D:3)
  3 dart slugs
  An orc (D:3)
  3 bats
  2 endoplasms
  A giant cockroach (D:3)
  4 goblins
  6 hobgoblins
  3 kobolds
  2 quokkas
  3 ball pythons
  4 rats
36 creatures vanquished.

Notes
Turn   | Place    | Note
-------+----------+-------------------------------------------
     0 | D:1      | concernfroge the Minotaur Berserker began the quest for the
                  | Orb.
     0 | D:1      | Reached XP level 1. HP: 19/19 MP: 0/0
   414 | D:1      | Reached XP level 2. HP: 23/27 MP: 1/1
  1103 | D:2      | Reached XP level 3. HP: 23/33 MP: 2/2
  1220 | D:2      | You fall into a shaft and drop 1 floor!
  1261 | D:3      | Reached ** piety under Trog
  1393 | D:3      | Reached XP level 4. HP: 34/41 MP: 3/3
  1670 | D:3      | Noticed Ijyb
  1671 | D:3      | Noticed Grinder
  1681 | D:3      | HP: 3/61 [Ijyb/+0 club (3)]
  1685 | D:3      | Slain by Grinder

Illustrated notes

Levels and vault maps discovered:
D:1:      dpeg_arrival_long_road, layout_basic
D:2:      layout_loops_ring, basic_altar, chequers_garden
D:3:      minmay_inner_zag, layout_basic, mainiacjoe_overflow_alcove_1,
          nicolae_dithmenos_shadow_blocks, shapermc_ecumenical_altar_venn,
          kennysheep_generic_room_16, uniq_grinder, uniq_ijyb

Skill      XL: |  1  2  3 |
---------------+----------+-----
Fighting       | 4 |  4.5
Polearms       | 4 |  4.4
Armour         | 3 |  3.4
Dodging        | 3 |  3.1

Action                   |  1- 3 |  4- 6 || total
-------------------------+-------+-------++-------
Melee: Spear             |    84 |    20 ||   104
       Headbutt          |     6 |     1 ||     7
Invok: Berserk           |       |     1 ||     1
       Trog's Hand       |       |     1 ||     1
  Use: Potion            |     1 |       ||     1
 Stab: Sleeping          |     1 |       ||     1
Armor: Animal skin       |    11 |     2 ||    13
Dodge: Dodged            |    27 |     9 ||    36
